 Dungeon Crawl Stone Soup version 0.29.1-2-gbd0b4ee654 (webtiles) character file.

Game seed: 15673575660097915515

142 xian the Distorting Demonspawn (level 5, -1/42 HPs)
             Began as a Demonspawn Abyssal Knight on Nov 13, 2022.
             Was a Believer of Lugonu.
             Slain by an ogre
             ... wielding a +0 giant club
              (13 damage)
             ... on level 4 of the Dungeon.
             The game lasted 00:10:23 (3656 turns).

xian the Distorting Demonspawn (DsAK)               Turns: 3656, Time: 00:10:24

Health: -1/42      AC: 20    Str: 15    XL:     5   Next: 3%
Magic:  7/7        EV:  4    Int: 12    God:    Lugonu [**....]
Gold:   207        SH:  4    Dex: 13    Spells: 4/4 levels left

rFire   . . .      SeeInvis .   a - +1 short sword
rCold   . . .      Faith    .   (no shield)
rNeg    . . .      Spirit   .   q - +0 plate armour
rPois   .          Reflect  .   (no helmet)
rElec   .          Harm     .   (no cloak)
rCorr   .          Rampage  .   l - +1 pair of gloves
Will    .....                   v - +0 pair of boots
Stlth   ..........              (no amulet)
HPRegen 0.14/turn               (no ring)
MPRegen 0.10/turn               (no ring)

@: no status effects
A: molten scales 1, icemail 1, condensation shield, weakness stinger 1
a: Renounce Religion, Depart the Abyss, Bend Space


You were on level 4 of the Dungeon.
You worshipped Lugonu.
Lugonu was pleased with you.
You visited 1 branch of the dungeon, and saw 4 of its levels.
You visited the Abyss 1 time.

You collected 207 gold pieces.

Inventory:

Hand Weapons
 a - a +1 short sword (weapon)
 o - a +2 vampiric spear
Missiles
 u - a poisoned dart (quivered)
Armour
 l - a +1 pair of gloves (worn)
 q - a +0 plate armour (worn)
 v - a +0 pair of boots (worn)
Jewellery
 s - a ring of wizardry
Scrolls
 d - a scroll of summoning {unknown}
 e - 5 scrolls of identify {unknown}
 h - a scroll of noise {unknown}
 k - 2 scrolls of enchant weapon {unknown}
 m - a scroll of blinking {unknown}
 p - 2 scrolls of poison {unknown}
 r - 3 scrolls of fog {unknown}
Potions
 b - a potion of heal wounds {unknown}
 c - a potion of curing
 f - 2 potions of flight
 g - 3 potions of lignification {unknown}
 i - a potion of resistance {unknown}
 j - a potion of attraction {unknown}
 n - a potion of berserk rage {unknown}
 t - a potion of magic {unknown}
 w - a potion of haste {unknown}


   Skills:
 + Level 3.7 Fighting
 + Level 2.5 Short Blades
 + Level 0.1 Throwing
 + Level 2.5 Armour
 + Level 1.5 Dodging
 + Level 0.3 Stealth
 + Level 0.5 Shields
 * Level 3.9 Invocations


You had 4 spell levels left.
You didn't know any spells.
Your spell library was empty.

Dungeon Overview and Level Annotations

Branches:
Dungeon (4/15)
 Temple: D:4-7

Altars:

Shops:
D:2 :


Innate Abilities, Weirdness & Mutations

You are partially covered in molten scales. (AC +2)
A meltable icy envelope protects you from harm. (AC +4)
A meltable shield of frost defends you. (SH +4)
You have a small tail.


Message History

The orc is severely wounded.
The orc hits you but does no damage.
You hit the orc.
You kill the orc!
Lugonu accepts your kill.
Found a book of Callings.
Things that are here:
a +0 whip; an orc corpse You throw a poisoned dart.
The poisoned dart hits the ogre.
The ogre is poisoned.
You block the ogre's attack.
You throw a poisoned dart. The poisoned dart hits the ogre.
The ogre hits you with a +0 giant club!
You throw a poisoned dart.
The poisoned dart barely misses the ogre.
Unknown command.
You closely miss the ogre.
The ogre is lightly wounded.
The ogre hits you with a +0 giant club.
You hit the ogre.
You tail-slap the ogre, but do no damage.
The ogre is lightly wounded.
You block the ogre's attack.
You hit the ogre but do no damage.
The ogre is moderately wounded.
You completely miss the ogre. You tail-slap the ogre.
The ogre is moderately wounded.
The ogre looks more healthy.
The ogre hits you with a +0 giant club!
Unknown command.
You hit the ogre.
The ogre is heavily wounded.
Unknown command.
You barely miss the ogre. You tail-slap the ogre.
The ogre is heavily wounded.
The ogre hits you with a +0 giant club!
* * * LOW HITPOINT WARNING * * *
Unknown command.
You hit the ogre.
The ogre is heavily wounded.
The ogre hits you with a +0 giant club!
You die...

.... ...# ##.. .##.. ...
##...# .....
.####..##.....# ....
......: ......## ##..
....... ... ...#.# #...
.......##.##.....# ##..
........#.#......##..
#.. .# #(O@..#........#
##.
...##...##......#.###..
......._........##.....#
##..##...##.....##....##
#. #.....#....###...##.
#....#.#...............
#...##.##....>........#
...................#...
...#..............###.#


You could see an ogre.

Vanquished Creatures
  7 gnolls
  2 adders (D:2)
  A dart slug (D:4)
  3 orcs
  3 endoplasms
  A giant cockroach (D:1)
  3 hobgoblins
  6 kobolds
  2 quokkas
  3 ball pythons (D:3)
  6 bats
  4 frilled lizards
  10 goblins
  8 rats
59 creatures vanquished.

Notes
Turn   | Place    | Note
-------+----------+-------------------------------------------
     0 | Abyss:1  | xian the Demonspawn Abyssal Knight began the quest for the
                  | Orb.
     0 | Abyss:1  | Reached XP level 1. HP: 18/18 MP: 2/2
     1 | Abyss:1  | Found a corrupted altar of Lugonu.
    40 | Abyss:1  | Noticed a large abomination
    78 | Abyss:1  | Noticed a smoke demon
    83 | D:1      | Escaped the Abyss
   266 | D:1      | Reached ** piety under Lugonu
   665 | D:1      | Gained mutation: A meltable shield of frost defends you.
                  | (SH +4) [demonic ancestry]
   665 | D:1      | Reached XP level 2. HP: 19/24 MP: 3/3
  1378 | D:1      | Reached skill level 1 in Dodging
  1769 | D:2      | Gained mutation: A meltable icy envelope protects you from
                  | harm. (AC +4) [demonic ancestry]
  1769 | D:2      | Reached XP level 3. HP: 9/29 MP: 5/5
  2089 | D:2      | Found Poqialer's Book Shoppe.
  2337 | D:2      | Found a faded altar of an unknown god.
  2337 | D:2      | Noticed an ice devil
  2544 | D:3      | Gained mutation: You have a small tail. [demonic ancestry]
  2544 | D:3      | Reached XP level 4. HP: 11/35 MP: 6/6
  3552 | D:4      | Gained mutation: You are partially covered in molten
                  | scales. (AC +2) [demonic ancestry]
  3552 | D:4      | Reached XP level 5. HP: 42/42 MP: 7/7
  3640 | D:4      | Noticed an ogre
  3656 | D:4      | Slain by an ogre

Illustrated notes

Levels and vault maps discovered:
D:1:      wheals_arrival_shading, layout_basic, minmay_splitting_lines
D:2:      layout_rooms, serial_shops, nicolae_shop_waterfront,
          dreamdust_ecumenical_altar_sealed_demon
D:3:      layout_rooms
D:4:      layout_cave_pools, mainiacjoe_overflow_small_starburst,
          gammafunk_temple_overflow_pools, serial_column_ruins,
          column_ruins_open_medium, column_ruins_open_tiny,
          column_ruins_columns_straight, column_ruins_open_tiny,
          column_ruins_corridor_straight, minmay_box_of_dots

Skill      XL: |  1  2  3 |
---------------+----------+-----
Armour         | 2 |  2.5
Dodging        | 1 |  1.5
Invocations    | 3 |  3.9
Short Blades   | 2 |  2.5
Fighting       | |  3.7
Throwing       | |  0.1
Stealth        | |  0.3
Shields        | |  0.5

Action                   |  1- 3 |  4- 6 || total
-------------------------+-------+-------++-------
Melee: Short sword       |   145 |    88 ||   233
       Punch             |     3 |     1 ||     4
       Tailslap          |       |     9 ||     9
Throw: Dart              |     4 |    10 ||    14
Invok: Depart the Abyss  |     1 |       ||     1
  Use: Potion            |     2 |       ||     2
Armor: Leather armour    |    39 |       ||    39
       Plate armour      |    21 |    52 ||    73
       Ring mail         |     7 |       ||     7
Dodge: Dodged            |    91 |    16 ||   107
Block: Other             |    23 |    17 ||    40
